 Dungeon Crawl Stone Soup version 0.30-a0-782-ge64f9170bb (webtiles) character file.

Game seed: 6999987263159973986

636919 HoaS the Acrobat (level 25, -6/253 HPs)
             Began as a Demigod Hunter on Mar 5, 2023.
             Mangled by a soul eater (15 damage)
             ... in Pandemonium on Mar 6, 2023.
             The game lasted 02:24:18 (58388 turns).

HoaS the Acrobat (Demigod Hunter)                  Turns: 58388, Time: 02:24:19

Health: -6/253     AC:  2    Str: 10      XL:     25   Next: 62%
Magic:  0/32       EV: 66    Int:  9 (11) God:
Gold:   8901       SH:  0    Dex: 56      Spells: 24/24 levels left

rFire   . . .      SeeInvis +    i - +5 longbow (heavy)
rCold   . . .      Faith    .    (shield currently unavailable)
rNeg    . . .      Spirit   +    G - +4 moon troll leather armour {Spirit, Regen++ MP+5}
rPois   +          Reflect  .    e - +2 helmet {SInv}
rElec   +          Harm     .    y - +1 cloak "Yliomyan" {Dex+3}
rCorr   .          Rampage  .    h - +2 pair of gloves {hurl}
Will    ++...                    t - +2 pair of boots
Stlth   ++++                     x - amulet of regeneration
HPRegen 3.82/turn                q - ring "Hulacs Baum" {rElec rPois AC+4 Slay+3}
MPRegen 0.23/turn                J - +6 ring of dexterity

@: corroded, hasted, very quick
A: high MP 1, forlorn, divine attributes, clumsy 1, regeneration 1, weak 1,
devolution 1
}: 4/15 runes: decaying, serpentine, silver, demonic
a: no special abilities


You were in Pandemonium.
You visited 11 branches of the dungeon, and saw 49 of its levels.
You visited Pandemonium 1 time, and saw 4 of its levels.
You visited the Abyss 1 time.
You also visited: Ossuary, Ice Cave and Volcano.

You collected 11379 gold pieces.
You spent 2478 gold pieces at shops.

Inventory:

Hand Weapons
 c - the +8 storm bow {elec, penet}
   (You took it off a yaktaur captain on level 5 of the Vaults)
 i - a +5 heavy longbow (weapon)
Armour
 e - a +2 helmet of see invisible (worn)
 h - a +2 pair of gloves of hurling (worn)
 t - a +2 pair of boots (worn)
 y - the +1 cloak "Yliomyan" (worn) {Dex+3}
   (You found it on level 2 of the Snake Pit)

   Dex:       It affects your dexterity (+3).
 G - the +4 moon troll leather armour (worn) {Spirit, Regen++ MP+5}
   (You bought it in a shop on level 11 of the Dungeon)

   MP:        It affects your magic capacity (+5).
   Regen:     It increases your rate of health regeneration.
Jewellery
 d - a ring of see invisible
 q - the ring "Hulacs Baum" (left hand) {rElec rPois AC+4 Slay+3}
   (You found it on level 9 of the Dungeon)

   [ring of protection]

   AC:        It affects your AC (+4).
   Slay:      It affects your accuracy & damage with ranged weapons and melee
   (+3).
   rElec:     It insulates you from electricity.
   rPois:     It protects you from poison.
 u - a ring of resist corrosion
 x - an amulet of regeneration (around neck)
 A - a ring of protection from fire
 C - the ring of Roheinuh {Fly rC+ EV+5 Stlth+}
   (You found it on level 4 of the Realm of Zot)

   [ring of evasion]

   EV:        It affects your evasion (+5).
   rC:        It protects you from cold.
   Fly:       It grants you flight.
   Stlth:     It makes you more stealthy.
 J - a +6 ring of dexterity (right hand)
 M - the ring of the Evening {rF+ rC+ Int+2}
   (You took it off a deep elf demonologist on level 3 of the Depths)

   [ring of protection from fire]

   Int:       It affects your intelligence (+2).
   rF:        It protects you from fire.
   rC:        It protects you from cold.
 N - a ring of flight
 P - a ring of willpower
 Q - the ring of Hoynuph {rC+ Will++}
   (You found it on level 3 of the Crypt)

   [ring of protection from cold]

   rC:        It protects you from cold.
   Will:      It greatly increases your willpower.
Wands
 L - a wand of digging (10)
Scrolls
 b - 12 scrolls of immolation
 l - 10 scrolls of teleportation
 m - 3 scrolls of enchant armour
 o - 5 scrolls of enchant weapon
 r - 6 scrolls of blinking
 v - 2 scrolls of butterflies
 B - 10 scrolls of poison
 D - 4 scrolls of silence
 E - 4 scrolls of fear
 I - 3 scrolls of magic mapping
 K - 4 scrolls of fog
Potions
 a - 5 potions of invisibility
 f - 16 potions of mutation
 g - a potion of haste
 j - 5 potions of heal wounds
 k - 23 potions of curing
 n - 9 potions of ambrosia
 p - 8 potions of cancellation
 w - 2 potions of attraction
 z - 14 potions of lignification
 F - 10 potions of flight
 H - 8 potions of resistance


   Skills:
 * Level 25.9 Fighting
 * Level 25.9 Ranged Weapons
 - Level 10.0 Armour
 * Level 25.9 Dodging
 - Level 0.8 Stealth


You had 24 spell levels left.
You didn't know any spells.
Your spell library contained the following spells:

 Spells                   Type           Power      Damage    Failure   Level
 Apportation              Tloc           0%         N/A       45%         1
 Beastly Appendage        Tmut           0%         N/A       45%         1
 Foxfire                  Conj/Fire      0%         2x1d4     45%         1
 Freeze                   Ice            0%         1d3       45%         1
 Magic Dart               Conj           0%         1d3       45%         1
 Necrotise                Necr           0%         1d4       45%         1
 Summon Small Mammal      Summ           0%         N/A       45%         1
 Blink                    Tloc           0%         N/A       61%         2
 Call Imp                 Summ           0%         N/A       61%         2
 Cigotuvi's Dreadful Rot  Necr/Pois/Air  0%         N/A       61%         2
 Ensorcelled Hibernation  Hex/Ice        0%         N/A       61%         2
 Momentum Strike          Conj/Tloc      0%         3d8       61%         2
 Passwall                 Tmut/Erth      0%         N/A       61%         2
 Poisonous Vapours        Pois/Air       0%         N/A       61%         2
 Static Discharge         Conj/Air       0%         2-2/arc   61%         2
 Sublimation of Blood     Necr           0%         N/A       61%         2
 Wereblood                Tmut           0%         N/A       61%         2
 Dazzling Flash           Conj/Hex       0%         N/A       83%         3
 Frozen Ramparts          Ice            0%         1d1       83%         3
 Gell's Gravitas          Tloc           0%         N/A       83%         3
 Hailstorm                Conj/Ice       0%         3d3       83%         3
 Inner Flame              Hex/Fire       0%         N/A       83%         3
 Kindle Blastsparks       Fire/Tloc/Air  0%         2d10      83%         3
 Mephitic Cloud           Conj/Pois/Air  0%         N/A       83%         3
 Portal Projectile        Hex/Tloc       0%         N/A       83%         3
 Spider Form              Tmut/Pois      0%         N/A       83%         3
 Stone Arrow              Conj/Erth      0%         3d7       83%         3
 Summon Guardian Golem    Hex/Summ       0%         N/A       83%         3
 Swiftness                Air            0%         N/A       83%         3
 Tukima's Dance           Hex            0%         N/A       83%         3
 Vampiric Draining        Necr           0%         2d6       83%         3
 Vhi's Electric Charge    Tloc/Air       0%         N/A       83%         3
 Airstrike                Air            0%         2d(0-16)  99%         4
 Anguish                  Hex/Necr       0%         N/A       99%         4
 Animate Armour           Summ/Erth      0%         N/A       99%         4
 Animate Dead             Necr           0%         N/A       99%         4
 Cause Fear               Hex            0%         N/A       99%         4
 Dispel Undead            Necr           0%         3d6       99%         4
 Flame Wave               Conj/Fire      0%         2d4       99%         4
 Manifold Assault         Tloc           0%         N/A       99%         4
 Olgreb's Toxic Radiance  Pois           0%         N/A       99%         4
 Passage of Golubria      Tloc           0%         N/A       99%         4
 Petrify                  Tmut/Erth      0%         N/A       99%         4
 Sticky Flame             Conj/Fire      0%         2d3       99%         4
 Agony                    Necr           0%         N/A       100%        5
 Arcjolt                  Conj/Air       0%         1d10      100%        5
 Blade Hands              Tmut           0%         N/A       100%        5
 Borgnjor's Vile Clutch   Necr/Erth      0%         N/A       100%        5
 Fireball                 Conj/Fire      0%         3d3       100%        5
 Freezing Cloud           Conj/Ice/Air   0%         6-21      100%        5
 Irradiate                Conj/Tmut      0%         3d11      100%        5
 Iskenderun's Battlesphe  Conj           0%         2d6       100%        5
 Lightning Bolt           Conj/Air       0%         1d11      100%        5
 Silence                  Hex/Air        0%         N/A       100%        5
 Summon Forest            Summ/Tloc      0%         N/A       100%        5
 Summon Mana Viper        Hex/Summ       0%         N/A       100%        5
 Yara's Violent Unravell  Hex/Tmut       0%         3d3       100%        5
 Conjure Ball Lightning   Conj/Air       0%         3x3d6     100%        6
 Death Channel            Necr           0%         N/A       100%        6
 Iron Shot                Conj/Erth      0%         9d1       100%        6
 Starburst                Conj/Fire      0%         6d3       100%        6
 Summon Cactus Giant      Summ           0%         N/A       100%        6
 Dragon Form              Tmut           0%         N/A       100%        7
 Enfeeble                 Hex            0%         N/A       100%        7
 Haunt                    Necr/Summ      0%         N/A       100%        7
 Orb of Destruction       Conj           0%         9d5       100%        7
 Ozocubu's Refrigeration  Ice            0%         4d7       100%        7
 Spellforged Servitor     Conj/Summ      0%         N/A       100%        7
 Storm Form               Tmut/Air       0%         N/A       100%        7
 Summon Hydra             Summ           0%         N/A       100%        7
 Ignition                 Fire           0%         3d3       100%        8
 Infestation              Necr           0%         N/A       100%        8
 Lehudib's Crystal Spear  Conj/Erth      0%         10d2      100%        8
 Maxwell's Capacitive Co  Air            0%         ∞         100%        8
 Necromutation            Tmut/Necr      0%         N/A       100%        8
 Chain Lightning          Conj/Air       0%         N/A       100%        9
 Death's Door             Necr           0%         N/A       100%        9
 Dragon's Call            Summ           0%         N/A       100%        9
 Fire Storm               Conj/Fire      0%         5d1       100%        9
 Shatter                  Erth           0%         3d5*      100%        9


Dungeon Overview and Level Annotations

Branches:
Dungeon (15/15)            Temple (0/1) D:7            Lair (5/5) D:9
  Swamp (4/4) Lair:3        Snake (4/4) Lair:3        Slime (0/5) Lair:4
    Orc (2/2) D:10            Elf (2/3) Orc:2        Vaults (5/5) D:13
  Crypt (3/3) Vaults:3       Tomb (0/3) Crypt:3      Depths (4/4) D:15
   Hell (visited)             Dis (0/7) Hell            Geh (0/7) Hell
    Coc (0/7) Hell            Tar (0/7) Hell            Zot (4/5) Depths:4
Ossuary (visited)           IceCv (visited)         Volcano (visited)

Shops:
D:4 **   D:5 ?   D:6 :   D:10 *   D:11 [   Orc:2 *!!(   Elf:2 !*   Snake:1 [
Snake:4 *   Vaults:2 !:   Vaults:4 (   Depths:1 ([:

Portals:
Hell: Depths:1 Depths:2 Depths:3 Depths:4
Abyss: D:3 Depths:2 Depths:3 Depths:4
Pandemonium: Depths:1 Depths:2
Ziggurat: Depths:3
Trove: D:15 (give 2 scrolls of acquirement)


Innate Abilities, Weirdness & Mutations

You have an increased reservoir of magic. (+10% MP)
You shall have no god before yourself.
Your divine heritage dramatically boosts your attributes as you level up.
You are clumsy. (Dex -2)
Your natural rate of healing is unusually fast.
You are weak. (Str -2)
You have hidden genetic defects.


Message History

The deep elf high priest invokes the aid of its god against you.
Something smites you!
* * * LOW HITPOINT WARNING * * *
The demonic crawler completely misses you.
The demonic crawler hits you.
* * * LOW HITPOINT WARNING * * *
The demonic crawler completely misses you.
The tormentor calls on the powers of darkness!
The deep elf high priest convulses!
Your body is wracked with pain!
* * * LOW HITPOINT WARNING * * *
The soul eater completely misses you.
The demonspawn corrupter mumbles some strange prayers to Lugonu against you.
The entropic weave corrodes you!
The large abomination closely misses you.
The deep elf high priest shoots an arrow.
The arrow completely misses you.
The demonic crawler completely misses you. x2
The demonic crawler misses you.
The soul eater draws from the surrounding life force!
* * * LOW HITPOINT WARNING * * *
The deep elf high priest disappears in a puff of smoke!
Jiegua sneers, "Embrace thy failure, thou pecksniffian roguish nobody!"
The demonic crawler completely misses you. x2
The demonic crawler hits you.
* * * LOW HITPOINT WARNING * * *
The large abomination hits you but does no damage.
The soul eater completely misses you.
The demonic crawler completely misses you. x3
The large abomination completely misses you.
The ynoxinul gestures.
The demonspawn corrupter calls down the wrath of Lugonu upon you.
The entropic weave corrodes you! The soul eater completely misses you.
The smoke demon gestures at you. Something smites you!
* * * LOW HITPOINT WARNING * * *
The large abomination completely misses you.
The blizzard demon gestures at you. The bolt of cold misses you.
The soul eater draws from the surrounding life force!
You die...

..........#
#..........# .
#......[... ..
#.........# ...
#.)..553.# ....
#....)3.5#
.5...
#...M6s##&55...
#...X33523355..
#...2@####35...
####### ... #


You could see Jiegua (invisible), a demonspawn corrupter (strong), a blizzard
demon, a mummy priest (summoned), a soul eater, a demonic crawler, a sun demon,
a large abomination, a smoke demon, a tormentor, 3 ynoxinuls and 9 ufetubi.

Vanquished Creatures
  A dread lich (Depths:3)
  Mennas (Pan)
  4 ancient liches
  An orb of fire (Zot:4)
  2 pandemonium lords (Pan)
  A juggernaut (Depths:4)
  Parghit (Zot:4)
  Bai Suzhen (Swamp:4)
  4 curse toes
  10 caustic shrikes
  Margery (Crypt:2)
  The ghost of Logakujy the Warrior, a veteran DjWn of Ashenzari (Depths:4)
  6 golden dragons
  The ghost of Yzeiphu the Earth Mage, an adept OpEE of Vehumet (Crypt:3)
  Saint Roka (Vaults:4)
  Geryon (Hell)
  A profane servitor (Crypt:3)
  3 bone dragons
  2 Brimstone Fiends
  A Tzitzimitl (Crypt:2)
  A walking crystal tome (Depths:4)
  14 tentacled monstrosities
  An electric golem (Zot:1)
  A doom hound (Crypt:2)
  A deep elf blademaster (Elf:2)
  The ghost of Aclimpov the Metallomancer, an adept GrEE of Vehumet (Vaults:2)
  Zenata (Vaults:1)
  6 liches
  A Hell Sentinel (Abyss:3)
  An Ice Fiend (Pan)
  6 quicksilver dragons
  Asterion (Vaults:1)
  4 acid blobs (Depths:4)
  2 titans (Vaults:5)
  16 death cobs
  3 Executioners (Pan)
  8 ancient champions
  11 sphinxes
  The ghost of Doyl the Scorcher, an adept DrFE of Vehumet (Elf:2)
  2 thorn hunters (Swamp:4)
  9 shadow dragons
  7 revenants
  7 draconian knights
  9 fire giants
  5 tengu reavers
  6 storm dragons
  Kirke (D:12)
  5 rockslimes (Depths:4)
  An azure jelly (Depths:4)
  4 fenstrider witches (Swamp:4)
  2 demonspawn warmongers (Pan)
  A draconian monk (Zot:2)
  7 nagarajas (Depths:3)
  A deep elf sorcerer (Vaults:5)
  13 frost giants
  19 vault wardens
  4 draconian scorchers
  An iron dragon (Hell)
  6 ghouls
  3 balrugs
  Louise (Swamp:2)
  8 ghost moths
  A juggernaut zombie (Hell)
  9 draconian shifters
  7 draconian stormcallers
  8 reapers
  4 orc warlords
  2 spriggan defenders (Depths:2)
  5 demonspawn corrupters (Pan)
  9 cacodemons
  5 draconian annihilators
  A demonspawn blood saint (Pan)
  9 ironbound thunderhulks
  6 very ugly things
  19 stone giants
  Nessos (D:15)
  4 deep elf demonologists
  3 demonspawn black suns (Pan)
  7 eleionomae
  20 ironbound preservers
  9 black draconians
  2 spectral hellephants (Crypt:2)
  11 green draconians
  4 deep elf annihilators
  7 vampire knights
  A wendigo (Depths:1)
  29 dire elephants
  Azrael (D:13)
  9 yellow draconians
  5 purple draconians
  3 bunyips
  A spark wasp (Depths:2)
  9 white draconians
  6 red draconians
  4 eidola
  17 ettins
  An iron golem (Hell)
  4 mummy priests
  4 blizzard demons
  4 deep elf death magi
  13 green deaths
  A merfolk impaler (Depths:3)
  5 crystal guardians
  Josephine (D:15)
  11 jiangshi
  5 great orbs of eyes
  5 fire dragons
  3 entropy weavers
  A deep elf high priest (Vaults:5)
  11 hydras
  3 spriggan zombies
  7 ice dragons
  6 rakshasas
  Fannar (D:10)
  A shambling mangrove (Swamp:4)
  13 yaktaur captains
  18 ironbound frosthearts
  34 vault guards
  A caustic shrike simulacrum (Crypt:3)
  2 hell beasts
  5 death knights
  A radroach (shapeshifter) (Vaults:5)
  8 anacondas
  6 spriggan air magi
  3 peacekeepers
  2 ghost crabs
  4 ogre magi
  9 centaur warriors
  2 deep troll shamans (Depths:1)
  An alligator (shapeshifter) (Vaults:2)
  26 dancing weapons
  A fenstrider witch skeleton (Crypt:3)
  5 alligators
  6 two-headed ogres
  6 boulder beetles
  5 spriggan berserkers
  6 death yaks
  4 deep troll earth magi
  24 naga warriors
  4 orc high priests
  5 vampire magi
  5 tengu warriors
  3 titan zombies
  A hell hog (Hell)
  19 naga sharpshooters
  2 spectral elves (Crypt:2)
  Urug (Lair:3)
  8 deep elf knights (Elf:2)
  12 sun demons
  12 shock serpents
  23 hell knights
  18 soul eaters
  3 thrashing horrors (Abyss:3)
  2 titan skeletons
  8 sixfirhies
  29 skeletal warriors
  2 death drakes (Zot:4)
  2 spark wasp zombies (Hell)
  2 goliath frogs
  5 shadow wraiths
  3 iron trolls
  7 salamander mystics
  7 spriggan druids
  2 quicksilver dragon simulacra
  A skyshark (Lair:2)
  10 sea snakes
  2 orb spiders (Zot:4)
  2 glowing orange brains
  3 shadow demons (Pan)
  7 flayed ghosts
  5 bog bodies
  37 deep trolls
  6 deep elf archers
  An orange crystal statue (IceCv)
  13 ironbound convokers
  13 lindwurms
  4 swamp dragons
  12 phantasmal warriors
  A steelbarb worm (shapeshifter) (Zot:2)
  A goliath frog zombie (Crypt:1)
  8 naga ritualists
  23 wizards
  An iron giant skeleton (Crypt:3)
  8 harpies
  2 bunyip skeletons (Crypt:3)
  10 orc sorcerers
  10 necromancers
  2 golden dragon skeletons
  13 deep elf pyromancers
  10 deep elf zephyrmancers
  2 tengu zombies (Hell)
  A fire giant zombie (Hell)
  A wolf spider (shapeshifter) (Depths:2)
  22 orc knights
  61 ugly things
  11 mana vipers
  2 manticores
  9 cyclopes
  5 toenail golems (Volcano)
  A shining eye (Depths:4)
  A faun (shapeshifter) (Vaults:3)
  17 salamanders
  5 will-o-the-wisps
  A moth of wrath (shapeshifter) (Zot:3)
  A stone giant zombie (Hell)
  4 centaur zombies
  24 moths of wrath
  3 frost giant zombies (Hell)
  39 black mambas
  3 rust devils
  4 elephants (Lair:3)
  A fire giant skeleton (Vaults:2)
  An eye of devastation (Depths:4)
  Maurice (D:10)
  A naga zombie (Crypt:1)
  12 guardian serpents
  A demonic crawler (Hell)
  A titan simulacrum (Hell)
  21 naga magi
  9 orange demons (Pan)
  A gargoyle (D:12)
  An apocalypse crab (Abyss:3)
  19 cane toads
  2 molten gargoyles
  A centaur skeleton (Crypt:3)
  20 smoke demons
  A white draconian zombie (Crypt:2)
  14 hellions
  22 vault sentinels
  An orb spider zombie (Crypt:2)
  A swamp worm zombie (Crypt:1)
  2 unseen horrors
  A bunyip simulacrum (Hell)
  3 kobold demonologists
  2 efreet (D:14)
  10 komodo dragons
  10 tormentors
  8 freezing wraiths
  2 ice devils
  A tengu conjurer (D:14)
  10 yaktaurs
  18 rime drakes
  A golden dragon simulacrum (Crypt:3)
  A hydra zombie (Crypt:3)
  An alligator snapping turtle skeleton (Crypt:1)
  13 guardian mummies (Crypt:3)
  A black draconian skeleton (Crypt:3)
  A red draconian skeleton (Crypt:1)
  Grinder (D:3)
  A harpy zombie (Crypt:3)
  2 ancient zymes (Abyss:3)
  7 meliai
  8 trolls
  11 tyrant leeches
  9 hellwings
  A polar bear (shapeshifter) (D:13)
  2 red devils
  5 large abominations
  17 polar bears
  3 bloated husks
  2 harpy skeletons
  14 hornets
  A raiju (shapeshifter) (D:14)
  23 blink frogs
  A black mamba zombie (Crypt:3)
  4 dream sheep (Lair:5)
  2 centaur simulacra (D:15)
  A stone giant simulacrum (Vaults:2)
  A culicivora zombie (Crypt:2)
  6 flying skulls (Abyss:3)
  36 slime creatures
  3 jumping spiders (Zot:4)
  Sigmund (D:2)
  7 ynoxinuls
  4 shadows
  6 water elementals
  An ushabti (Crypt:3)
  A vampire (D:13)
  9 spriggans
  22 wraiths
  33 yaks
  6 fire bats
  4 fire elementals
  A slime creature zombie (Crypt:1)
  4 wyverns
  Eustachio (D:6)
  Grum (D:9)
  A hog (shapeshifter) (Vaults:5)
  2 small abominations (Abyss:3)
  A basilisk (Lair:4)
  11 chaos spawn
  6 neqoxecs
  5 hogs (D:12)
  A black mamba skeleton (Crypt:3)
  A redback (shapeshifter) (Vaults:5)
  Menkaure (D:5)
  3 redbacks (Vaults:1)
  20 vampire mosquitoes
  A yaktaur simulacrum (Vaults:2)
  A faun zombie (Crypt:2)
  A human zombie (Hell)
  36 nagas
  A harpy simulacrum (Hell)
  13 swamp worms
  An acid dragon (D:13)
  5 wargs
  20 water moccasins
  5 hell hounds (D:13)
  A floating eye (Depths:1)
  A glowing shapeshifter skeleton (Vaults:5)
  A water nymph skeleton (Crypt:2)
  A naga skeleton (Crypt:3)
  A swamp drake (Swamp:1)
  A hornet zombie (D:15)
  An ice beast (shapeshifter) (D:13)
  4 black bears
  44 orc warriors
  12 ogres
  A lindwurm zombie (Crypt:2)
  10 centaurs
  9 wolves
  A human skeleton (Vaults:2)
  2 phantoms
  A vine stalker zombie (Crypt:2)
  8 kobold brigands
  A fire crab zombie (Crypt:1)
  6 necrophages
  2 scorpions
  24 bullfrogs
  An earth elemental (Elf:2)
  2 gnoll sergeants
  3 water moccasin zombies (Ossuary)
  10 wights
  6 killer bees (D:8)
  5 howler monkeys
  A troll skeleton (Crypt:3)
  11 electric eels
  A spectral centaur (D:6)
  2 crimson imps
  A quasit (Pan)
  2 hounds
  23 orc priests
  3 jellies
  Crazy Yiuf (D:4)
  2 iguanas
  23 orc wizards
  A boggart zombie (Crypt:3)
  4 hell rats
  A killer bee zombie (D:6)
  A sky beast zombie (Crypt:1)
  An ogre skeleton (Crypt:3)
  A boggart simulacrum (D:15)
  3 mummies
  11 gnolls
  8 adders
  3 white imps
  An ufetubus (D:5)
  5 adder zombies (Ossuary)
  A worm (D:2)
  The ghost of senseless the Sneak, a weakling OpDe (D:6)
  3 dart slugs
  65 orcs
  14 ball pythons
  5 endoplasms
  7 giant cockroaches
  6 goblins
  A hobgoblin (D:3)
  6 jackals
  2 quokkas
  16 bats
  A frilled lizard (D:3)
  8 gnoll zombies
  A goblin skeleton (Crypt:1)
  2 hobgoblin zombies (Ossuary)
  24 kobolds
  7 kobold zombies (Ossuary)
  6 orc zombies (Ossuary)
  A quokka skeleton (Crypt:1)
  4 rats (D:2)
  A river rat skeleton (Crypt:1)
  2 lurking horrors (D:3)
  2 plants (Zot:1)
2439 creatures vanquished.

Vanquished Creatures (others)
  An azure jelly (Depths:4)
  An eleionoma (Swamp:2)
  A black draconian (Zot:2)
  An ironbound frostheart (Vaults:3)
  2 glowing orange brains (Depths:4)
  A wizard (Vaults:1)
  An ugly thing (Vaults:2)
  A black mamba (Snake:4)
  A polar bear (IceCv)
  2 bloated husks
  A human (shapeshifter) (Zot:3)
  A chaos spawn (Pan)
  12 foxfires
  37 fungi
  114 plants
  2 withered plants (Elf:2)
179 creatures vanquished.

Grand Total: 2618 creatures vanquished

Notes
Turn   | Place    | Note
-------+----------+-------------------------------------------
     0 | D:1      | HoaS the Demigod Hunter began the quest for the Orb.
     0 | D:1      | Reached XP level 1. HP: 17/17 MP: 3/3
   385 | D:1      | Reached XP level 2. HP: 23/24 MP: 4/4
  1003 | D:2      | Reached XP level 3. HP: 29/29 MP: 5/5
  1160 | D:2      | You fall into a shaft and drop 2 floors!
  1188 | D:2      | Noticed Sigmund
  1318 | D:3      | Found a one-way gate to the infinite horrors of the Abyss.
  1461 | D:3      | Reached skill level 5 in Ranged Weapons
  1583 | D:2      | Killed Sigmund
  1584 | D:2      | Reached XP level 4. HP: 17/36 MP: 2/6
  1584 | D:2      | Reached XP level 5. HP: 20/41 MP: 2/7
  2009 | D:3      | Noticed Grinder
  2024 | D:3      | Paralysed by Grinder for 2 turns
  2037 | D:3      | Paralysed by Grinder for 5 turns
  2043 | D:3      | Paralysed by Grinder for 3 turns
  2049 | D:3      | Killed Grinder
  2050 | D:3      | Reached XP level 6. HP: 39/48 MP: 2/8
  2510 | D:4      | Found Xivilen's Specific Store.
  2514 | D:4      | Found Ybostraki's General Store.
  2518 | D:4      | Bought a scroll of blinking for 97 gold pieces
  2684 | D:4      | Reached XP level 7. HP: 46/53 MP: 9/9
  2798 | D:4      | Noticed an angel
  2804 | D:4      | Noticed a profane servitor
  3058 | D:4      | Found a runed translucent door.
  3059 | D:4      | Noticed Crazy Yiuf
  3190 | D:4      | Killed Crazy Yiuf
  3259 | D:5      | Entered Level 5 of the Dungeon
  3908 | D:5      | Noticed Menkaure
  3912 | D:5      | Killed Menkaure
  3913 | D:5      | Reached skill level 10 in Ranged Weapons
  3913 | D:5      | Reached XP level 8. HP: 60/60 MP: 10/10
  3936 | D:5      | Identified the +5 scale mail of Idealism {rN+}
  4455 | D:5      | Found The Oracle's Delphic Readings.
  4834 | D:6      | Noticed Eustachio
  4845 | D:6      | Killed Eustachio
  4905 | D:6      | Found Gujo's Book Shop.
  5329 | D:6      | Killed an unseen horror
  5330 | D:6      | Reached XP level 9. HP: 38/67 MP: 7/11
  5588 | D:6      | Found a runed translucent gate.
  5588 | D:6      | Found a runed translucent gate.
  5588 | D:6      | Found a runed translucent gate.
  5589 | D:6      | Noticed senseless's ghost (weakling OpDe)
  5773 | D:6      | Killed senseless's ghost
  5863 | D:7      | Noticed a +0 dagger
  5864 | D:7      | Noticed a +0 dagger
  6063 | D:7      | Found a staircase to the Ecumenical Temple.
  6096 | D:7      | Found a sand-covered staircase.
  6101 | Ossuary  | Entered an ossuary
  6315 | D:7      | Identified a scroll of acquirement
  6315 | D:7      | Acquired 826 gold pieces
  6977 | D:8      | Noticed a boulder beetle
  7312 | D:8      | Killed a boulder beetle
  7982 | D:8      | Reached XP level 10. HP: 73/73 MP: 13/13
  8234 | D:9      | Found a staircase to the Lair.
  8922 | D:9      | Noticed an angel
  9014 | D:9      | Noticed Grum
  9024 | D:9      | Killed Grum
  9027 | D:9      | Reached skill level 15 in Ranged Weapons
  9236 | D:9      | Found a runed translucent door.
  9577 | D:9      | Noticed a flayed ghost
  9611 | Lair:1   | Entered Level 1 of the Lair of Beasts
  9683 | Lair:1   | Reached XP level 11. HP: 43/80 MP: 14/14
 10808 | Lair:2   | Noticed a skyshark
 10819 | Lair:2   | Killed a skyshark
 10961 | Lair:2   | Identified the +1 helmet "Ydoag" {Will+}
 11359 | Lair:2   | Reached skill level 5 in Dodging
 11366 | Lair:2   | Reached skill level 5 in Fighting
 12008 | Lair:3   | You fall into a shaft and drop 2 floors!
 12008 | Lair:5   | Entered Level 5 of the Lair of Beasts
 12500 | Lair:5   | Reached XP level 12. HP: 60/100 MP: 15/15
 12722 | Lair:5   | Noticed an eight-headed hydra
 12727 | Lair:5   | Killed an eight-headed hydra
 13484 | Lair:3   | Found a staircase to the Snake Pit.
 13549 | Lair:3   | Reached skill level 10 in Fighting
 13549 | Lair:3   | Reached skill level 10 in Dodging
 13845 | Lair:3   | Reached XP level 13. HP: 113/113 MP: 16/16
 13845 | Lair:3   | Found a staircase to the Swamp.
 14057 | Lair:3   | Noticed Urug
 14073 | Lair:3   | Killed Urug
 14514 | Lair:4   | Found a staircase to the Slime Pits.
 15397 | Lair:5   | Acquired 856 gold pieces
 15700 | Lair:5   | Identified the +1 ring mail of Piesaoch {+Inv rElec rF+
                  | Dex-4}
 16199 | D:9      | Identified the ring "Hulacs Baum" {rElec rPois AC+4 Slay+3}
 16252 | D:10     | Entered Level 10 of the Dungeon
 16359 | D:10     | Noticed Maurice
 16368 | D:10     | Killed Maurice
 16455 | D:10     | Noticed Fannar
 16467 | D:10     | Killed Fannar
 16586 | D:10     | Found Zaur Xao's Serpentskin Sales.
 16755 | D:10     | Found a staircase to the Orcish Mines.
 17145 | D:11     | Found Paps's Armour Emporium.
 17195 | D:11     | Identified the +1 plate armour "Nupukk" {Str+3}
 17647 | D:11     | Bought the +4 moon troll leather armour {Spirit, Regen++
                  | MP+5} for 708 gold pieces
 17647 | D:11     | Found the +4 moon troll leather armour {Spirit, Regen++
                  | MP+5}
 17765 | D:12     | Acquired 1151 gold pieces
 17831 | D:12     | Noticed Kirke
 18013 | D:12     | Killed Kirke
 18379 | D:12     | Identified the +2 helmet of Ashenzari's Supremacy {rCorr
                  | Str-4 Dex+5}
 18838 | Orc:1    | Entered Level 1 of the Orcish Mines
 18925 | Orc:2    | Entered Level 2 of the Orcish Mines
 18962 | Orc:2    | Reached XP level 14. HP: 124/124 MP: 17/17
 19320 | Orc:1    | Found a dark tunnel.
 19330 | Volcano  | Entered a volcano
 19656 | Orc:2    | Found a staircase to the Elven Halls.
 20071 | Orc:2    | Found Vickeko's Weapon Boutique.
 20076 | Orc:2    | Found Odapn's Distillery.
 20083 | Orc:2    | Bought a potion of curing for 33 gold pieces
 20083 | Orc:2    | Bought a potion of haste for 110 gold pieces
 20083 | Orc:2    | Found Oczofoug's Distillery.
 20085 | Orc:2    | Found Waseatzi's General Store.
 20091 | Orc:2    | Bought a potion of haste for 180 gold pieces
 20091 | Orc:2    | Bought a potion of heal wounds for 90 gold pieces
 20091 | Orc:2    | Bought a potion of haste for 180 gold pieces
 20091 | Orc:2    | Bought a potion of invisibility for 144 gold pieces
 20238 | Orc:2    | Paralysed by an orc sorcerer for 5 turns
 20963 | D:13     | Noticed Azrael
 20987 | D:13     | Killed Azrael
 21326 | D:13     | Found a gate to the Vaults.
 21492 | D:14     | Noticed a frost giant
 21727 | D:14     | Reached XP level 15. HP: 136/136 MP: 18/18
 21863 | D:14     | Noticed a sphinx
 21872 | D:14     | Killed a sphinx
 21937 | D:14     | Identified the amulet "Mokheacazi" {Reflect Harm SH+5}
 21940 | D:14     | Got Rifeng's Elucidation of Air
 22400 | D:15     | Entered Level 15 of the Dungeon
 22454 | D:15     | Identified the +5 quarterstaff "Itifuq" {drain, Str+3
                  | Int+3}
 22574 | D:15     | Found a portal to a secret trove of treasure.
 22640 | D:15     | Found a staircase to the Depths.
 22893 | D:15     | Noticed Nessos
 22897 | D:15     | Killed Nessos
 23048 | D:15     | Noticed Josephine
 23064 | D:15     | Killed Josephine
 23362 | Snake:1  | Entered Level 1 of the Snake Pit
 23499 | Snake:1  | Found a frozen archway.
 23506 | IceCv    | Entered an ice cave
 23760 | IceCv    | Reached skill level 15 in Dodging
 23763 | IceCv    | Reached skill level 15 in Fighting
 23982 | IceCv    | Reached XP level 16. HP: 127/149 MP: 18/19
 24194 | Snake:1  | Found Lyukoega's Antique Armour Shoppe.
 24199 | Snake:1  | Bought a pair of boots for 180 gold pieces
 25320 | Snake:2  | Identified the +1 cloak "Yliomyan" {Dex+3}
 25508 | Snake:3  | Reached skill level 1 in Armour
 26626 | Snake:4  | Entered Level 4 of the Snake Pit
 27275 | Snake:4  | Reached XP level 17. HP: 161/161 MP: 20/20
 27700 | Snake:4  | Got a serpentine rune of Zot
 27853 | Snake:4  | Found Jokoc's Overcharged Wands.
 27988 | Swamp:1  | Entered Level 1 of the Swamp
 28506 | Swamp:2  | Noticed Louise
 28519 | Swamp:2  | Killed Louise
 28531 | Swamp:2  | Reached skill level 5 in Armour
 29480 | Swamp:3  | Identified the +1 robe "Luabeh" {rN+ Int+3 Dex-3}
 29899 | Swamp:4  | Entered Level 4 of the Swamp
 30118 | Swamp:4  | Noticed Bai Suzhen
 30128 | Swamp:4  | Killed Bai Suzhen
 30187 | Swamp:4  | Paralysed by a fenstrider witch for 2 turns
 30380 | Swamp:4  | Reached XP level 18. HP: 172/172 MP: 21/21
 30384 | Swamp:4  | Acquired 797 gold pieces
 30421 | Swamp:4  | Noticed a tentacled monstrosity
 30426 | Swamp:4  | Killed a tentacled monstrosity
 30502 | Swamp:4  | Got a decaying rune of Zot
 31072 | Elf:1    | Entered Level 1 of the Elven Halls
 31456 | Elf:1    | Got the Folio of Bolts
 32027 | Elf:2    | Found Plog's Distillery.
 32036 | Elf:2    | Bought a potion of haste for 180 gold pieces
 32036 | Elf:2    | Bought a potion of curing for 54 gold pieces
 32036 | Elf:2    | Bought a potion of heal wounds for 90 gold pieces
 32036 | Elf:2    | Bought a potion of invisibility for 144 gold pieces
 32036 | Elf:2    | Bought a potion of heal wounds for 90 gold pieces
 32083 | Elf:2    | Found a runed translucent door.
 32083 | Elf:2    | Noticed Doyl's ghost (adept DrFE)
 32180 | Elf:2    | Found Esioboz's General Store.
 32187 | Elf:2    | Bought 2 potions of curing for 84 gold pieces
 32325 | Elf:2    | Found a huge runed translucent gate.
 32325 | Elf:2    | Found a huge runed translucent gate.
 32327 | Elf:2    | Found a huge runed translucent gate.
 32327 | Elf:2    | Found a huge runed translucent gate.
 32328 | Elf:2    | Found a huge runed translucent gate.
 32869 | Elf:2    | Killed Doyl's ghost
 33103 | Vaults:1 | Entered Level 1 of the Vaults
 33152 | Vaults:1 | Noticed Zenata
 33162 | Vaults:1 | Killed Zenata
 33962 | Vaults:1 | Reached XP level 19. HP: 179/179 MP: 22/22
 34035 | Vaults:1 | Noticed Asterion
 34045 | Vaults:1 | Killed Asterion
 34868 | Vaults:2 | Noticed a dread lich
 34904 | Vaults:2 | Found a runed translucent door.
 34904 | Vaults:2 | Noticed Aclimpov's ghost (adept GrEE)
 34912 | Vaults:2 | Killed Aclimpov's ghost
 35228 | Vaults:2 | Found Lothrud's Distillery.
 35235 | Vaults:2 | Bought a potion of curing for 57 gold pieces
 35235 | Vaults:2 | Bought a potion of curing for 57 gold pieces
 35897 | Vaults:2 | Found Ysaul's Book Emporium.
 36050 | Vaults:3 | Paralysed by a great orb of eyes for 4 turns
 36263 | Vaults:3 | Identified the amulet of Tomorrow {Faith Will+ rCorr Dex-3}
 36519 | Vaults:3 | Identified the ring of the Ban {Wiz rElec rPois Int+4
                  | Dex-4}
 36534 | Vaults:3 | Reached XP level 20. HP: 193/193 MP: 24/24
 36857 | Vaults:3 | Found a staircase to the Crypt.
 37577 | Vaults:4 | Identified the +0 leather armour "Deheuh" {Harm}
 37807 | Vaults:4 | Noticed Saint Roka
 37823 | Vaults:4 | Killed Saint Roka
 38028 | Vaults:4 | Found Utellaug's Weapon Boutique.
 38339 | Depths:1 | Entered Level 1 of the Depths
 38532 | Depths:1 | Found Nekebain's Antique Armour Boutique.
 38537 | Depths:1 | Found Enaot's Weapon Boutique.
 38551 | Depths:1 | Found a gateway to Hell.
 38778 | Depths:1 | Found Neskil's Tremendous Tomes.
 38972 | Depths:1 | Found a one-way gate leading to the halls of Pandemonium.
 39278 | Depths:2 | Reached XP level 21. HP: 195/196 MP: 25/25
 39291 | Depths:2 | Noticed a caustic shrike
 39302 | Depths:2 | Killed a caustic shrike
 40073 | Depths:3 | Found a magical portal.
 40230 | Depths:3 | Identified the +3 dagger of Calculation {distort, *Noise
                  | +Blink Dex+4}
 40271 | Depths:3 | Identified the ring of the Evening {rF+ rC+ Int+2}
 40420 | Depths:3 | Noticed an ancient lich
 40421 | Depths:3 | Found a one-way gateway to a ziggurat.
 40421 | Depths:3 | Noticed a dread lich
 41082 | Depths:3 | Identified the +1 chain mail of the Cricket {rPois rC+
                  | Slay-4}
 41308 | Depths:4 | Entered Level 4 of the Depths
 41308 | Depths:4 | Noticed a caustic shrike
 41308 | Depths:4 | Noticed a caustic shrike
 41308 | Depths:4 | Noticed a caustic shrike
 41308 | Depths:4 | Noticed a caustic shrike
 41603 | Depths:4 | Noticed a caustic shrike
 41603 | Depths:4 | Noticed a caustic shrike
 41603 | Depths:4 | Noticed a caustic shrike
 41605 | Depths:4 | Noticed a caustic shrike
 41605 | Depths:4 | Noticed a caustic shrike
 41606 | Depths:4 | Killed a caustic shrike
 41619 | Depths:4 | Killed a caustic shrike
 41621 | Depths:4 | Killed a caustic shrike
 41623 | Depths:4 | Killed a caustic shrike
 41727 | Depths:4 | Noticed a juggernaut
 41729 | Depths:4 | Killed a juggernaut
 41868 | Depths:4 | Found a gate to the Realm of Zot.
 42048 | Depths:4 | Found a runed translucent gate.
 42049 | Depths:4 | Found a runed translucent gate.
 42050 | Depths:4 | Found a runed translucent gate.
 42051 | Depths:4 | Noticed Logakujy's ghost (veteran DjWn)
 42161 | Depths:4 | Killed a caustic shrike
 42304 | Depths:4 | Killed a caustic shrike
 42310 | Depths:4 | Killed a caustic shrike
 42316 | Depths:4 | Killed a caustic shrike
 42324 | Depths:4 | Killed a caustic shrike
 42693 | Vaults:5 | Entered Level 5 of the Vaults
 42743 | Vaults:4 | Reached XP level 22. HP: 217/217 MP: 26/26
 43126 | Abyss:3  | Cast into level 3 of the Abyss (a deep elf demonologist)
 43338 | Vaults:5 | Escaped the Abyss
 43936 | Vaults:5 | Identified the +5 shortbow of Feral Absolution {heavy,
                  | rCorr Int+2}
 43941 | Vaults:5 | Identified the ring "Gaxkuw" {Wiz rC+++ rN+ Will+ Stlth-}
 43954 | Vaults:5 | Identified the +5 sling "Byworeckumuo" {flame, rPois rF-
                  | Will++ rCorr}
 44233 | Vaults:5 | Identified the +1 scale mail of Existentialism {rC+ rN+}
 44366 | Vaults:5 | Got a silver rune of Zot
 44496 | Vaults:5 | Got the Precepts of Fulmination and Metamorphosis
 44499 | Vaults:5 | Identified the +4 plate armour of Greater Demons {-Cast
                  | rPois rF++ rN+}
 44572 | Vaults:5 | Identified the +0 morningstar of Wu Jian, Blushing {pain,
                  | Int+4 Stlth-}
 44844 | Vaults:5 | Got the Compendium of Unstable Lamentation
 44855 | Vaults:5 | Identified the +6 short sword "Rienal" {antimagic, *Noise
                  | rC+ Int+4 SInv}
 44987 | Crypt:1  | Entered Level 1 of the Crypt
 45832 | Crypt:1  | Reached XP level 23. HP: 227/227 MP: 27/27
 45872 | Crypt:2  | Found the +1 robe of Vines {NoPotionHeal Regen++++}
 46197 | Crypt:2  | Noticed Margery
 46199 | Crypt:2  | Killed Margery
 46404 | Crypt:3  | Entered Level 3 of the Crypt
 46935 | Crypt:3  | Found a runed translucent door.
 46935 | Crypt:3  | Noticed Yzeiphu's ghost (adept OpEE)
 47145 | Crypt:3  | Found a staircase to the Tomb.
 47319 | Crypt:3  | Identified the ring of Hoynuph {rC+ Will++}
 47323 | Crypt:3  | Got the Catalogue of Spectres
 47324 | Crypt:3  | Identified the ring "Boerirog" {Str+6 Int+6 Stlth+}
 47478 | Crypt:3  | Killed Yzeiphu's ghost
 47720 | Hell     | Entered the Vestibule of Hell
 47722 | Hell     | Noticed Geryon
 47727 | Hell     | Killed Geryon
 47883 | Hell     | Found a gateway to the Iron City of Dis.
 48012 | Hell     | Found a gateway to the freezing wastes of Cocytus.
 48099 | Hell     | Found a gateway to the decaying netherworld of Tartarus.
 48212 | Hell     | Found a gateway to the ashen valley of Gehenna.
 48315 | Depths:3 | Killed an ancient lich
 48323 | Depths:3 | Killed a dread lich
 48467 | Depths:4 | Killed Logakujy's ghost
 48512 | Depths:4 | Identified the +0 trident of Royalism {freeze, rN+ Int+3}
 49164 | Zot:1    | Entered Level 1 of the Realm of Zot
 49223 | Zot:1    | Reached XP level 24. HP: 238/238 MP: 27/27
 49893 | Zot:1    | Reached skill level 10 in Armour
 51095 | Zot:3    | Noticed an ancient lich
 51959 | Zot:2    | Killed an ancient lich
 53401 | Zot:3    | Identified the +5 sling "Mymitolo" {antimagic, rElec rC-
                  | rN+}
 54415 | Zot:4    | Identified the ring of Roheinuh {Fly rC+ EV+5 Stlth+}
 54458 | Zot:4    | Noticed an ancient lich
 54473 | Zot:4    | Killed an ancient lich
 54626 | Zot:4    | Noticed an ancient lich
 54629 | Zot:4    | Killed an ancient lich
 54753 | Zot:4    | Reached XP level 25. HP: 149/250 MP: 18/27
 54947 | Zot:4    | Noticed Parghit
 54961 | Zot:4    | Killed Parghit
 55373 | Zot:4    | Noticed an orb of fire
 55384 | Zot:4    | Gained mutation: You have hidden genetic defects. [an orb
                  | of fire]
 55388 | Zot:4    | Killed an orb of fire
 55722 | Pan      | Entered Pandemonium
 56277 | Pan      | Gained mutation: Your natural rate of healing is unusually
                  | fast. [a cacodemon]
 56307 | Pan      | Noticed Mennas
 56314 | Pan      | Gained mutation: You are weak. (Str -2) [a cacodemon]
 56326 | Pan      | Killed Mennas
 56336 | Pan      | HP: 12/250 [??? (7)]
 56767 | Pan      | Noticed Rykhuups the pandemonium lord
 56773 | Pan      | Killed Rykhuups the pandemonium lord
 56997 | Pan      | Got a demonic rune of Zot
 57324 | Pan      | Gained mutation: You are clumsy. (Dex -2) [hidden defects]
 57907 | Pan      | Noticed Fiejewui the pandemonium lord
 57917 | Pan      | Killed Fiejewui the pandemonium lord
 57955 | Pan      | Identified the +1 cloak of Dishonour {Harm Rampage Str+5}
 58355 | Pan      | Noticed Jiegua the pandemonium lord
 58383 | Pan      | HP: 11/253 [soul eater (11)]
 58386 | Pan      | HP: 4/253 [smoke demon/divine providence (10)]
 58388 | Pan      | Mangled by a soul eater

Illustrated notes

Levels and vault maps discovered:
D:1:      lightli_arrival_windingriver, layout_loops_ring,
          roderic_serpentine_path, serial_park_tiny_1,
          chequers_serial_rivers_micro_b, st_stairs_7, hex_medium
D:2:      layout_loops_ring, chequers_ecumenical_altar_simple,
          chequers_serial_rivers_micro_a, uniq_sigmund
D:3:      cheibrodos_helix_gallery, layout_basic,
          amcnicky_altar_lugonu_corruption, uniq_grinder
D:4:      layout_basic, nicolae_overflow_hidden_temple,
          mainiacjoe_overflow_chevrons, mainiacjoe_overflow_six_doors_small,
          grunt_temple_overflow_holy_war, nicolae_specific_store,
          uniq_crazy_yiuf_cottage
D:5:      layout_layer_cave, kennysheep_slug_shrine, grunt_decor_cap,
          nicolae_nh_oracle_at_delphi, uniq_menkaure
D:6:      layout_loops_corners, mainiacjoe_overflow_catwalk_spiral,
          serial_shops, shop_fountains, gammafunk_ghost_necromancy,
          uniq_eustachio
D:7:      layout_basic, dancing_weapons_uskayaw, tgw_sif,
          minmay_temple_entry_gardened_gates,
          nicolae_ossuary_entry_false_entrances, serial_park_tiny_pond
D:8:      layout_basic
D:9:      due_megacathedral, layout_rooms, zin_angel, uniq_grum
D:10:     layout_basic, mainiacjoe_overflow_tiny_flanked,
          mainiacjoe_overflow_alcove_2, old_standard_altar,
          kennysheep_orc_monster_closet_entryway, guppyfry_shop_venom,
          uniq_fannar, uniq_maurice
D:11:     layout_long_grid, serial_shops, nicolae_inconvenience_store
D:12:     layout_basic, hangedman_decor_growths, minmay_fire_ice_demons,
          uniq_kirke
D:13:     layout_roguey, david_vaults_4, uniq_azrael
D:14:     minmay_sliced_demisemicircle, layout_basic, wad_dig_loot
D:15:     grunt_enter_depths_magical_seal, layout_gridville,
          palyth_stone_intersect, enter_trove_3, kiku_gazebo_pond_becter,
          uniq_nessos, uniq_josephine
Lair:1:   layout_long_grid, serial_bayou_shore_a
Lair:2:   layout_roguey, basic_altar, st_stairs_13, beast_lair_carwin_2,
          lemuel_fruit_tree
Lair:3:   layout_gridlike, skrybe_swamp_entry_bodies,
          minmay_snake_entry_six_corridors, infiniplex_staircase_pool_2,
          uniq_urug
Lair:4:   layout_concentric_octagons, minmay_slime_entry_pillars
Lair:5:   minmay_lair_end_frog_pond, layout_cave_pods, st_stairs_6,
          gammafunk_lair_bear_cave
Swamp:1:  layout_basic_swamp, evilmike_swamp_ruin_rubble_1,
          infiniplex_staircase_pool
Swamp:2:  layout_basic_swamp, serial_swamp_ruin, evilmike_swamp_ruin_house_4,
          evilmike_swamp_ruin_house_3, evilmike_swamp_ruin_house_2, swamp_pool1,
          uniq_louise
Swamp:3:  layout_falls_marsh, evilmike_swamp_ruin_house_6, swamp_pool3
Swamp:4:  nzn_swamp_witches_coven, layout_basic_swamp, swamp_pool2,
          uniq_bai_suzhen
Snake:1:  layout_onion_interference, serial_shops, nicolae_shop_trees,
          portal_ice_cave_entry_dragon
Snake:2:  layout_onion
Snake:3:  layout_basic, nicolae_snake_bzzzt
Snake:4:  snake_pit_salamanders_mu, layout_grid_shapes, grunt_ministairs_7,
          serial_bayou_pond_b, nicolae_shop_overcharged_wands
Orc:1:    layout_caves, nicolae_volcano_entry_batcave
Orc:2:    st_orc_elflike, layout_diamond_mine
Elf:1:    eino_elf_arrival_sip, layout_geoelf_grid, minmay_elf_annihilation
Elf:2:    elven_hall_of_blades_hangedman_alternative [nicolae_blade_tridents],
          layout_gridlike, serial_shops, shop, shop_statue,
          gammafunk_ghost_grave, lemuel_upstairs_altar
Vaults:1: v_misc_2, vaults_mumra_chevron, v_alt_pattern_4,
          ontoclasm_vaults_pinch, vaults_room_ringed_pool,
          nicolae_vaults_minivaults, nicolae_vaults_border_crossing,
          grunt_vaults_funnel, layout_vaults_quadrants, uniq_asterion,
          uniq_zenata
Vaults:2: hellmonk_ghost_happy_afterlife, v_misc_16, vaults_dpeg_emergency_exit,
          hangedman_vaults_hard_town_square, v_misc_17, dpeg_vaults_monster_box,
          v_misc_9, ontoclasm_vaults_twist, v_misc_23,
          nicolae_vaults_specimen_jars, v_misc_10, grunt_vaults_hallway_long,
          ontoclasm_vaults_idyll, grunt_vaults_focal, vaults_mumra_hexcomb,
          v_pattern_5, nicolae_vaults_what_the_h, vaults_room_mumra_shop_pool,
          ontoclasm_vaults_gateway, layout_vaults_omnibox, serial_shops,
          nicolae_diamond_shop
Vaults:3: v_misc_8, nicolae_vaults_network_periphery, v_misc_32,
          nicolae_vaults_little_ls, vaults_room_large_hall,
          blue_anna_dwarven_crypt, ontoclasm_vaults_ligature,
          vaults_room_guarded_vault, layout_vaults_chaotic_city
Vaults:4: vaults_room_boxed, v_misc_23, grunt_vaults_swirl, vaults_room_octagon,
          v_pattern_4, ontoclasm_vaults_ring_square, special_room_vaults
          [special_room_orc], hangedman_vaults_unwind,
          vaults_room_stairs_pillars, hangedman_vaults_variations,
          v_alt_pattern_1, ontoclasm_vaults_fault, vaults_room_pool,
          layout_vaults_maze_bifur, serial_shops, shop, uniq_saint_roka
Vaults:5: serial_shops
Crypt:1:  layout_chaotic_city, grunt_megastairs_2, grunt_crypt_arrival_webbed
Crypt:2:  layout_rooms, serial_sigils_hangedman_snap, beargit_elvish_explorers,
          uniq_margery
Crypt:3:  lightli_unholy_cathedral, layout_chaotic_city,
          tomb_entry_sphere_bobbens, ebering_ghost_xom,
          nicolae_crypt_little_mausoleum
Depths:1: layout_cave_pools, grunt_pan_entry_sceptre, hell_entry,
          nemelex_spade_bored_becter, nicolae_shop_i_like_big_books,
          ashenzari_conservatory_becter, minmay_shop_star
Depths:2: nzn_winding_woodlands_cross [nzn_winding_woodlands_5x15_crooked,
          nzn_winding_woodlands_5x15_pockets, nzn_winding_woodlands_5x15_eye,
          nzn_winding_woodlands_5x15_sawtooth,
          nzn_winding_woodlands_15x15_thick_spiral], layout_small_grid,
          chequers_serial_rivers_micro_b, grunt_pan_entry_in_and_out,
          abyss_entry_glasseish, hell_entry, infiniplex_staircase_pillars_1
Depths:3: evilmike_makhleb_hellhole, layout_cave_pools, enter_ziggurat_c,
          abyss_entry, hell_entry, lightli_enter_wizlab_magi_temple,
          minmay_serpent_palace, minmay_staircase_windowed_small
Depths:4: evilmike_zot_entry_argh, layout_basic, gammafunk_ghost_ooze,
          abyss_entry, grunt_metal_band, infiniplex_staircase_pool_lava
Hell
Zot:1:    layout_gridlike
Zot:2:    layout_basic, hangedman_zot_diagonal_lockstep
Zot:3:    hangedman_zot_vaults_quadrants, layout_onion_interference
Zot:4:    hangedman_snap_crack_crunch, layout_cathedral_of_symmetry,
          hangedman_spider_trapstep, uniq_parghit
Pan:      lemuel_hall_of_pain, layout_long_grid, uniq_mennas_pan,
          nicolae_pan_lom_lobonic_2, rand_demon_4, layout_cellular_growth,
          grunt_pan_in_and_out, layout_basic, evilmike_mini_pan_corner,
          layout_chambers, pan_blood_fountain

Skill      XL: |  1  2  3  4  5  6  7  8  9 10 11 12 13 14 15 16 17 18 19 20 21 22 23 24 |
---------------+-------------------------------------------------------------------------+-----
Ranged Weapons | 4 6 7 8 10 11 14 16 17 18 19 22 23 24 25 | 25.9
Fighting       | 2 7 10 11 13 15 17 18 19 21 22 23 24 25 | 25.9
Dodging        | 2 7 10 11 13 15 17 18 19 21 22 23 24 25 | 25.9
Armour         | 3 5 6 8 9 10 | 10.0
Stealth        | |  0.8

Action                     |  1- 3 |  4- 6 |  7- 9 | 10-12 | 13-15 | 16-18 | 19-21 | 22-24 | 25-27 || total
---------------------------+-------+-------+-------+-------+-------+-------+-------+-------+-------++-------
  Melee: Unarmed           |       |       |       |       |    40 |       |       |    10 |       ||    50
         Longbow           |       |       |       |       |       |       |       |     2 |       ||     2
   Fire: Shortbow          |   156 |    69 |   573 |   882 |   279 |       |       |       |       ||  1959
         Arbalest          |       |       |       |       |  1157 |  1497 |       |       |       ||  2654
         Longbow           |       |       |       |       |       |     9 |  1343 |  1737 |   490 ||  3579
  Evoke: Wand              |       |       |       |       |       |       |       |     2 |       ||     2
    Use: Scroll            |     9 |     2 |     5 |     9 |    14 |     8 |     1 |     4 |     1 ||    53
         Potion            |       |     3 |     1 |     4 |     1 |     3 |     6 |     3 |     4 ||    25
 Armour: Leather armour    |    41 |    10 |   112 |   115 |    37 |       |       |       |       ||   315
         Troll leather arm |       |       |       |       |   135 |   226 |    66 |   117 |    26 ||   570
         Robe              |       |       |       |       |       |       |       |    34 |       ||    34
  Dodge: Dodged            |    86 |    25 |   168 |   290 |   765 |  1509 |   939 |  2565 |   575 ||  6922
  Block: Other             |       |       |    26 |    95 |   167 |       |       |       |       ||   288
         Reflection        |       |       |       |     3 |    16 |       |       |       |       ||    19

Table legend: (Time is in decaauts)
 A = Elapsed time spent in this place.
 B = Non-inter-level travel time spent in this place.
 C = Inter-level travel time spent in this place.
 D = Time resting spent in this place.
 E = Time spent auto-exploring this place.
 F = Levels seen in this place.
 G = Mean time per level.
                   A        B        C        D        E       F      G
               +--------+--------+--------+--------+--------+-----+--------+
         Total |  58159 |  54144 |   4015 |  10907 |  31131 |  57 | 1020.3 |
       Dungeon |  15603 |  14363 |   1240 |   2981 |   8604 |  15 | 1040.2 |
          Lair |   6612 |   6151 |    461 |   1918 |   3042 |   5 | 1322.4 |
         Swamp |   3182 |   3001 |    181 |    412 |   1924 |   4 |  795.5 |
     Snake Pit |   3921 |   3787 |    134 |    483 |   2261 |   4 |  980.2 |
  Orcish Mines |   1525 |   1312 |    213 |    147 |    758 |   2 |  762.5 |
   Elven Halls |   1904 |   1803 |    101 |    163 |   1290 |   2 |  952.0 |
        Vaults |   7308 |   6778 |    530 |   1063 |   4080 |   5 | 1461.6 |
         Crypt |   2574 |   2433 |    141 |    250 |   1515 |   3 |  858.0 |
        Depths |   4939 |   4184 |    755 |    308 |   2894 |   4 | 1234.8 |
          Hell |    504 |    458 |     46 |     42 |    238 |   1 |  504.0 |
           Zot |   6176 |   5968 |    208 |   2292 |   2756 |   4 | 1544.0 |
         Abyss |    194 |    194 |      0 |      0 |    115 |   1 |  194.0 |
   Pandemonium |   2608 |   2608 |      0 |    819 |   1063 |   4 |  652.0 |
       Ossuary |    187 |    187 |      0 |      0 |     86 |   1 |  187.0 |
      Ice Cave |    654 |    654 |      0 |     24 |    317 |   1 |  654.0 |
       Volcano |    260 |    260 |      0 |      0 |    183 |   1 |  260.0 |
               +--------+--------+--------+--------+--------+-----+--------+

Top non-repeatable levels by time:
   Zot:2: 3109 daAuts
  Lair:5: 2031 daAuts
Vaults:4: 1760 daAuts
Vaults:1: 1616 daAuts
Depths:3: 1462 daAuts
Depths:2: 1423 daAuts
   Zot:4: 1333 daAuts
Depths:4: 1329 daAuts
Vaults:2: 1328 daAuts
Vaults:5: 1321 daAuts
     D:9: 1291 daAuts
Vaults:3: 1281 daAuts
     D:8: 1280 daAuts
  Lair:2: 1273 daAuts
 Snake:3: 1270 daAuts
